 Dungeon Crawl Stone Soup version 0.26.1-11-gd32895ea62 (webtiles) character file.

Game seed: 14529483047525726102

2556 ubername the Carver (level 9, 0/72 HPs)
             Began as a Barachi Berserker on June 12, 2021.
             Was a High Priest of Trog.
             Killed by divine providence
             ... invoked by an orc priest
              (15 damage)
             ... on level 7 of the Dungeon.
             The game lasted 00:15:54 (8337 turns).

ubername the Carver (Barachi Berserker)             Turns: 8337, Time: 00:15:54

Health: 0/72       AC:  4    Str: 20    XL:     9   Next: 56%
Magic:  9/9        EV: 14    Int: 16    God:    Trog [*****.]
Gold:   378        SH:  0    Dex: 13    Spells: 8/8 levels left

rFire    + . .     SeeInvis .   q - +0 great sword
rCold    + . .     Faith    +   (shield currently unavailable)
rNeg     . . .     Spirit   .   d - +0 leather armour (curse)
rPois    .         Reflect  .   r - +0 helmet
rElec    .         Harm     .   j - scarf {rC+ rF+}
rCorr    .         Rampage  .   (no gloves)
Will     .....                  (no boots)
Stlth    ++........             h - amulet of faith
HPRegen  0.22/turn              k - +6 ring of intelligence
MPRegen  0.11/turn              (no ring)

@: berserk cooldown, slowed, very slow
A: +LOS, swims, clever 1, slowness 1, sturdy frame 1, strong legs 1
a: Hop, Renounce Religion, Berserk, Trog's Hand, Brothers in Arms


You were on level 7 of the Dungeon.
You worshipped Trog.
Trog was extremely pleased with you.
You visited 1 branch of the dungeon, and saw 7 of its levels.

You collected 378 gold pieces.

Inventory:

Hand Weapons
 b - a +3 quarterstaff of chaos
 f - a +1 dagger of flaming
 q - a +0 great sword (weapon)
Missiles
 n - 13 poisoned darts (quivered)
Armour
 d - a cursed +0 leather armour (worn)
 j - a scarf of resistance (worn)
 r - a +0 helmet (worn)
 s - a +1 scale mail
Jewellery
 h - an amulet of faith (around neck)
 k - a +6 ring of intelligence (left hand)
Wands
 e - a wand of iceblast (12)
 o - a wand of disintegration (15)
 u - a wand of flame (16)
Scrolls
 i - 6 scrolls of identify
Potions
 g - 3 potions of curing {unknown}
 p - a potion of attraction {unknown}


   Skills:
 + Level 7.5 Fighting
 + Level 10.8 Long Blades
 + Level 1.1 Throwing
 + Level 3.6 Armour
 + Level 5.2 Dodging
 + Level 2.0 Stealth
 * Level 5.0 Evocations


You had 8 spell levels left.
You didn't know any spells.
Your spell library was empty.

Dungeon Overview and Level Annotations

Branches:
Dungeon (7/15)             Temple (0/1) D:5

Altars:
Cheibriados
Gozag
Qazlal
Ru
Sif Muna
Zin

Shops:
D:4 [   D:5 (   D:7 (


Innate Abilities, Weirdness & Mutations

You can be seen from farther away. (+LOS)
You can swim through water.
You cover ground slowly.
You can hop short distances.
Your mind is acute. (Int +2)
Your movements are slightly less encumbered by armour. (ER -2)


Message History

The kobold hits you with a +0 short sword.
The kobold barely misses you.
The orc priest hits you with a +0 dagger.
The kobold misses you.
You riposte.
You slash the kobold!
You kill the kobold!
Trog accepts your kill. The kobold hits you but does no damage.
The orc priest calls down the wrath of Beogh upon you.
Beogh smites you!
* * * LOW HITPOINT WARNING * * *
Items here: ))) †.
You slash the orc priest!
The orc priest is heavily wounded.
The kobold misses you. The kobold hits you but does no damage.
The orc priest hits you with a +0 dagger.
* * * LOW HITPOINT WARNING * * *
The kobold hits you but does no damage. The kobold closely misses you.
The orc priest invokes the aid of Beogh against you.
Beogh smites you!
You die...

.# # # ## ># #.# .?
.####.###########.####
.....................#
†#....###.###.###.##.#
.#.##...#.# #.# .#
........#.# #.## o#
...#....#.##.#.##K##.#
...#.8.∩.<.8.##(@K...#
...###.##.##.#.##o?......
...# #.##.##... ......##
...# #.##.##.### #..#..#
...###.##.##. .## .#
..........##. .# #
####.#.##.##. # #.#...##
#.#####


You could see an orc priest, an orc wizard (fast) and 2 kobolds.

Vanquished Creatures
  Prince Ribbit (D:5)
  Sigmund (D:5)
  An ice beast (D:7)
  A sky beast (D:6)
  An orc warrior (D:6)
  3 ogres
  A phantom (D:5)
  2 centaurs (D:6)
  Blork the orc (D:6)
  A bullfrog (D:6)
  A big kobold (D:7)
  A gnoll sergeant (D:6)
  A scorpion (D:5)
  5 wights (D:6)
  2 hounds (D:6)
  A jelly (D:7)
  6 orc priests
  Crazy Yiuf (D:6)
  A bullfrog skeleton (D:5)
  3 iguanas
  8 orc wizards
  2 worker ants (D:4)
  A hound skeleton (D:4)
  A howler monkey zombie (D:6)
  2 worker ant zombies
  A gnoll (D:1)
  3 adders
  2 shadow imps
  2 white imps
  An adder skeleton (D:4)
  2 worms
  3 dart slugs
  6 leopard geckos
  28 orcs
  5 ball pythons
  7 giant cockroaches
  10 hobgoblins
  8 jackals
  4 quokkas
  A ball python skeleton (D:4)
  8 bats
  9 frilled lizards
  12 goblins
  14 kobolds
  A leopard gecko zombie (D:6)
  7 rats
183 creatures vanquished.

Notes
Turn   | Place    | Note
-------+----------+-------------------------------------------
     0 | D:1      | ubername the Barachi Berserker began the quest for the Orb.
     0 | D:1      | Reached XP level 1. HP: 18/18 MP: 1/1
   234 | D:1      | Reached XP level 2. HP: 17/25 MP: 2/2
   249 | D:1      | Reached skill level 4 in Long Blades
   474 | D:1      | Reached XP level 3. HP: 30/30 MP: 3/3
   952 | D:2      | Reached ** piety under Trog
  1305 | D:2      | Reached XP level 4. HP: 36/37 MP: 4/4
  1508 | D:2      | Reached skill level 5 in Long Blades
  2310 | D:3      | Reached *** piety under Trog
  2543 | D:3      | Reached XP level 5. HP: 39/43 MP: 5/5
  2715 | D:3      | Reached skill level 6 in Long Blades
  2828 | D:3      | Found a stormy altar of Qazlal.
  3181 | D:4      | Found a glowing silver altar of Zin.
  3313 | D:4      | Noticed an ogre
  3322 | D:4      | Killed an ogre
  3323 | D:4      | Reached XP level 6. HP: 36/49 MP: 6/6
  3330 | D:4      | Reached **** piety under Trog
  3626 | D:4      | Reached skill level 1 in Evocations
  3817 | D:4      | Gained mutation: Your movements are slightly less
                  | encumbered by armour. (ER -2) [potion of mutation]
  3817 | D:4      | Gained mutation: Your mind is acute. (Int +2) [potion of
                  | mutation]
  3821 | D:4      | Found a snail-covered altar of Cheibriados.
  4022 | D:4      | Found a sacrificial altar of Ru.
  4024 | D:4      | Found a shimmering blue altar of Sif Muna.
  4282 | D:4      | Reached skill level 5 in Fighting
  4282 | D:4      | Reached skill level 7 in Long Blades
  4282 | D:4      | Reached XP level 7. HP: 54/56 MP: 7/7
  4624 | D:4      | Found Baaha's Armour Boutique.
  4988 | D:5      | Entered Level 5 of the Dungeon
  5318 | D:5      | Noticed Sigmund
  5330 | D:5      | Killed Sigmund
  5331 | D:5      | Reached skill level 8 in Long Blades
  5331 | D:5      | Reached XP level 8. HP: 64/64 MP: 8/8
  5513 | D:5      | Found Roc Tint's Weapon Emporium.
  5532 | D:5      | Found a staircase to the Ecumenical Temple.
  5536 | D:5      | Noticed Prince Ribbit
  5542 | D:5      | Reached skill level 1 in Stealth
  6223 | D:5      | Killed Prince Ribbit
  6587 | D:6      | Reached skill level 9 in Long Blades
  6979 | D:6      | Found an opulent altar of Gozag.
  7079 | D:6      | Reached skill level 1 in Throwing
  7086 | D:6      | Reached ***** piety under Trog
  7095 | D:6      | Reached XP level 9. HP: 59/72 MP: 9/9
  7503 | D:6      | Noticed Blork the orc
  7516 | D:6      | Killed Blork the orc
  7517 | D:6      | Reached skill level 10 in Long Blades
  7641 | D:6      | Reached skill level 5 in Dodging
  7904 | D:6      | Found a runed translucent door.
  7905 | D:6      | Noticed Crazy Yiuf
  7912 | D:6      | Killed Crazy Yiuf
  8274 | D:7      | Found Oruyf's Weapon Shop.
  8327 | D:7      | Reached skill level 5 in Evocations
  8337 | D:7      | Killed from afar by an orc priest

Illustrated notes

Levels and vault maps discovered:
D:1:      wander_arrival_peaceful_grave, layout_rooms
D:2:      layout_basic
D:3:      layout_basic, nicolae_qazlal_eye_of_the_storm
D:4:      layout_basic, kennysheep_mini, nicolae_overflow_hidden_temple,
          serial_shops, shop, kennysheep_slug_shrine
D:5:      layout_rooms, minmay_temple_entry_offerings, serial_shops,
          nicolae_shop_stone, serial_curves, eino_curves_04, eino_curves_03,
          kennysheep_donut, uniq_prince_ribbit1, uniq_sigmund
D:6:      layout_basic, nicolae_overflow_crystal_walls, sword_in_stone,
          uniq_crazy_yiuf_cottage, uniq_blork_the_orc
D:7:      layout_loops_ring, serial_shops, shop_statue,
          chequers_serial_rivers_large_b

Skill      XL: |  1  2  3  4  5  6  7  8  9 |
---------------+----------------------------+-----
Long Blades    | 4 5 6 7 8 9 10 | 10.8
Fighting       | 4 5 6 7 |  7.5
Armour         | 3 |  3.6
Dodging        | 3 4 5 |  5.2
Evocations     | 1 2 4 5 |  5.0
Stealth        | 1 2 |  2.0
Throwing       | 1 |  1.1

Action                   |  1- 3 |  4- 6 |  7- 9 || total
-------------------------+-------+-------+-------++-------
Melee: Falchion          |   123 |   207 |    63 ||   393
       Great sword       |       |       |   168 ||   168
Throw: Dart              |       |     2 |     9 ||    11
Invok: Berserk           |     2 |     5 |    10 ||    17
 Abil: Hop               |       |     1 |       ||     1
Evoke: Wand              |       |       |     4 ||     4
  Use: Scroll            |     3 |     3 |     4 ||    10
       Potion            |       |     6 |     2 ||     8
 Stab: Sleeping          |     1 |       |     4 ||     5
Armor: Leather armour    |    22 |    32 |    30 ||    84
       Animal skin       |     1 |       |       ||     1
Dodge: Dodged            |    89 |   151 |   169 ||   409
       Rpst.: Falchion   |    25 |    51 |     8 ||    84
       Great sword       |       |       |    33 ||    33
